 Dungeon Crawl Stone Soup version 0.32-a0-128-g77eb882913 (webtiles) character file.

Game seed: 14005672661988165250

1139 Ambrosia the Conjurer (level 8, 0/42 HPs)
             Began as a Felid Conjurer on Feb 7, 2024.
             Slain by Edmund
             ... wielding a +2 dire flail of protection
              (16 damage)
             ... on level 5 of the Dungeon.
             The game lasted 00:08:57 (7275 turns).

Ambrosia the Conjurer (Felid Conjurer)              Turns: 7275, Time: 00:08:57

Health: 0/42       AC:  2    Str:  9    XL:     8   Next: 14%
Magic:  1/16       EV: 19    Int: 24    God:
Gold:   204        SH:  0    Dex: 15    Spells: 3/16 levels left
                                        Lives:  0   Deaths: 3

rFire   . . .        (weapon unavailable)
rCold   . . .        (shield unavailable)
rNeg    . . .        (body armour unavailable)
rPois   .            (helmet unavailable)
rElec   .            (cloak unavailable)
rCorr   .            (gloves unavailable)
SInv    +            (boots unavailable)
Will    +....        (no amulet)
Stlth   ++           e - +6 ring of strength
HPRegen 0.27/turn    (no ring)
MPRegen 0.15/turn

%: no passive effects
@: no status effects
A: very small, claws 1, fangs 3, see invisible, shaggy fur 2, stealthy paws, no
weapons or thrown items, no armour, multi-lived
a: no special abilities


You were on level 5 of the Dungeon.
You visited 1 branch of the dungeon, and saw 5 of its levels.

You collected 246 gold pieces.
You spent 42 gold pieces at shops.

Inventory:

Jewellery
 c - a ring of ice {rC+, rF-}
   (You found it on level 1 of the Dungeon)
 e - a +6 ring of strength (left paw)
   (You found it on level 1 of the Dungeon)
Wands
 b - a wand of light (8)
   (You found it on level 5 of the Dungeon)
Scrolls
 f - a scroll of vulnerability {!r!r}
 h - a scroll of teleportation {!r!d, @r3}
 j - a scroll of amnesia
 n - a scroll of fear
 p - a scroll of revelation
Potions
 a - a potion of magic
 d - a potion of mutation {unknown}
 g - 2 potions of curing {unknown}
 i - a potion of haste {unknown}
 k - a potion of invisibility {unknown}
 l - a potion of enlightenment
 m - 2 potions of ambrosia {unknown}
 o - a potion of attraction {unknown}


   Skills:
 * Level 4.8 Fighting
 + Level 5.4 Dodging
 - Level 3.1 Stealth
 * Level 4.9 Spellcasting
 + Level 5.9 Conjurations
 * Level 0.6 Fire Magic


You had 3 spell levels left.
You knew the following spells:

 Your Spells              Type           Power      Damage    Failure   Level
a - Magic Dart            Conj           100%       1d8       1%          1
b - Starburst             Conj/Fire      10%        6d5       98%         6
z - Searing Ray           Conj           68%        2d6       1%          2
Z - Iskenderun's Mystic   Conj/Tloc      20%        2d6       26%         4

Your spell library contained the following spells:

 Spells                   Type           Power      Damage    Failure   Level
 Dazzling Flash           Conj/Hex       40%        N/A       8%          3
 Volatile Blastmotes      Fire/Tloc      14%        2d11      24%         3
 Fulminant Prism          Conj/Alch      10%        3d9       26%         4
 Maxwell's Capacitive Co  Air            2%         ∞         100%        8


Dungeon Overview and Level Annotations

Branches:
Dungeon (5/15) Zot: 25943
 Temple: D:4-7

Altars:

Shops:
D:5 ([:?

Annotations:
D:5 Edmund


Innate Abilities, Weirdness & Mutations

You have sharp claws.
You have razor-sharp teeth.
You have supernaturally acute eyesight. (SInv)
You are covered in thick fur. (AC +2)
Your paws help you pounce on unaware monsters.
You are incapable of wielding weapons or throwing items.
You cannot wear armour.
You gain extra lives every three experience levels.


Message History

The magic dart hits the quokka.
You kill the quokka!
You now have 13/16 mp.
You can't see any susceptible monsters within range! (Use Z to cast anyway.)
You can't see any susceptible monsters within range! (Use Z to cast anyway.)
You can't see any susceptible monsters within range! (Use Z to cast anyway.) No target in view!
There is an open door here.
Found Iduored's Weapon Shoppe.
Health restored: 40; MP restored: 16 No target in view!
There is an entrance to Iduored's Weapon Shoppe here.
No target in view!
There is an entrance to Iduored's Weapon Shoppe here.
n - a scroll of fear No target in view!
o - a scroll of identify {@r1}
As you read the scroll of identify {@r1}, it crumbles to dust.
l - a potion of enlightenment No target in view!
Found a stone staircase leading up.
No target in view!
o - a golden potion No target in view!
An orc comes into view. It is wielding a +0 flail.
The magic dart hits the orc!
You kill the orc!
You now have 15/16 mp.
You can't see any susceptible monsters within range! (Use Z to cast anyway.) No target in view!
p - a scroll of revelation Health restored: 41; MP restored: 16 No target in view!
You open the door.
You see here a +0 hand axe.
You open the door.
Edmund and an adder come into view.
Edmund is wielding a +2 dire flail of protection.
Unknown command.
The magic dart hits Edmund but does no damage.
You now have 15/16 mp.
The magic dart hits the adder.
The adder hisses angrily.
An ogre comes into view. It is wielding a +0 giant club.
You now have 14/16 mp.
The magic dart hits Edmund.
You now have 13/16 mp.
The magic dart hits Edmund.
You now have 12/16 mp.
The magic dart hits Edmund but does no damage.
Edmund misses you.
You now have 11/16 mp.
Unknown command.
Casting: Magic Dart (safe; 1% risk of failure)
Aiming: Searing Ray (safe; 1% risk of failure)
Press: ? - help, Shift-Dir - straight line, f - ogre, p - Edmund
Aim: an ogre, wielding a +0 giant club (91% to hit)
The searing ray hits Edmund.
The searing ray hits the adder!
You kill the adder!
The searing ray hits the ogre! (Press . to maintain the ray.) Edmund hits you with a +2 dire flail of protection!
You take 11 damage, and have 30/41 hp.
MASSIVE DAMAGE!!
You now have 9/16 mp.
The searing ray hits Edmund but does no damage.
The searing ray hits the ogre.
Edmund closely misses you.
The searing ray misses Edmund.
The searing ray hits the ogre!
Edmund hits you with a +2 dire flail of protection.
You take 6 damage, and have 24/41 hp.
You now have 8/16 mp.
The searing ray hits Edmund.
The searing ray hits the ogre!
You kill the ogre!
You finish channelling your searing ray.
Edmund completely misses you.
Your life force feels restored.
You now have 7/16 mp.
Casting: Searing Ray (safe; 1% risk of failure)
Aiming: Searing Ray (safe; 1% risk of failure)
Press: ? - help, Shift-Dir - straight line, f - Edmund
Aim: Edmund, wielding a +2 dire flail of protection and wearing a +0 ring mail (moderately wounded, 83% to hit)
The searing ray hits Edmund but does no damage. (Press . to maintain the ray.) Edmund misses you.
You now have 5/16 mp.
The searing ray hits Edmund but does no damage.
Edmund misses you.
You now have 4/16 mp.
The searing ray hits Edmund.
Edmund hits you with a +2 dire flail of protection!
You take 9 damage, and have 16/42 hp.
MASSIVE DAMAGE!!
You now have 3/16 mp.
The searing ray hits Edmund.
You finish channelling your searing ray.
Edmund misses you.
Casting: Searing Ray (safe; 1% risk of failure)
Aiming: Searing Ray (safe; 1% risk of failure)
Press: ? - help, Shift-Dir - straight line, f/p - Edmund
Aim: Edmund, wielding a +2 dire flail of protection and wearing a +0 ring mail (heavily wounded, 83% to hit)
The searing ray hits Edmund. (Press . to maintain the ray.) Edmund hits you with a +2 dire flail of protection!
You die...
Edmund whines, "They better pay attention to me now!"

#.......# #.......+
#.......# #.......#
#.......# #
#....)..# ...
#####.......##.....
#...'......@@).....
####
#.###.......#......
#.#) #.##........#
#+### #.##
#.......)...# #..#
####.######## ##..
#..)..## ##### #...
##.....# #...# #.##
#.##..# #...# #÷#.
#.##..# #...# #...


You could see Edmund.

Vanquished Creatures
  A black bear (D:4)
  An ice beast (D:5)
  3 ogres (D:4 D:5)
  2 phantoms (D:5)
  2 jellies (D:4 D:5)
  4 orc priests (D:3 D:4 D:5)
  A hound (D:4)
  2 iguanas (D:4 D:5)
  A sleepcap (D:5)
  5 orc wizards (D:2 D:3 D:4 D:5)
  5 adders (D:2 D:5)
  2 ribbon worms (D:2 D:3)
  3 dart slugs (D:1 D:2)
  15 orcs (D:3 D:4 D:5)
  6 endoplasms (D:2 D:3 D:4)
  5 giant cockroaches (D:1 D:2 D:3)
  11 goblins (D:1 D:2 D:3 D:4)
  4 hobgoblins (D:1 D:2 D:3)
  6 kobolds (D:1 D:4)
  4 quokkas (D:1 D:3 D:4 D:5)
  7 ball pythons (D:1 D:2 D:4)
  5 bats (D:1 D:2)
  5 frilled lizards (D:1 D:3)
  7 rats (D:1 D:2 D:3)
107 creatures vanquished.

Notes
Turn   | Place    | Note
-------+----------+-------------------------------------------
     0 | D:1      | Ambrosia the Felid Conjurer began the quest for the Orb.
     0 | D:1      | Reached XP level 1. HP: 9/9 MP: 4/4
   255 | D:1      | HP: 2/9 [kobold/+0 short sword (4)]
   525 | D:1      | Reached XP level 2. HP: 14/14 MP: 0/6
   817 | D:1      | Reached skill level 1 in Fighting
   829 | D:1      | Reached skill level 3 in Stealth
  1273 | D:2      | Learned a level 2 spell: Searing Ray
  1438 | D:2      | Reached XP level 3. HP: 18/18 MP: 4/7
  1692 | D:2      | Reached skill level 3 in Dodging
  1757 | D:2      | Reached skill level 4 in Conjurations
  2449 | D:3      | HP: 5/18 [orc priest/divine providence (13)]
  2456 | D:2      | HP: 9/27 [orc wizard/+0 dagger (2)]
  2462 | D:2      | HP: 2/27 [orc wizard/puff of flame (6)]
  2465 | D:2      | Reached XP level 4. HP: 2/23 MP: 2/9
  2465 | D:2      | Gained a life (2 lives remaining)
  2772 | D:3      | Reached skill level 2 in Fighting
  2780 | D:3      | Reached skill level 3 in Spellcasting
  2780 | D:3      | Reached XP level 5. HP: 26/26 MP: 1/10
  4026 | D:3      | HP: 11/27 [orc wizard/+0 dagger (5)]
  4028 | D:3      | Killed from afar by an orc wizard
  4028 | D:3      | Lost a life (1 life remaining)
  4284 | D:4      | Reached skill level 4 in Dodging
  4284 | D:4      | HP: 10/27 [orc priest/nerve-wracking pain (7)]
  4289 | D:4      | HP: 6/28 [orc/+2 hand axe of freezing (5)]
  4289 | D:4      | Slain by a kobold
  4289 | D:4      | Lost a life (0 lives remaining)
  4384 | D:4      | Gained mutation: You are covered in thick fur. (AC +2)
                  | [Felid growth]
  4384 | D:4      | Reached XP level 6. HP: 32/32 MP: 8/12
  4764 | D:4      | HP: 14/32 [black bear (5)]
  4766 | D:4      | HP: 4/32 [black bear (3)]
  4772 | D:4      | Reached skill level 3 in Fighting
  4903 | D:5      | Entered Level 5 of the Dungeon
  4963 | D:4      | Reached skill level 5 in Conjurations
  5475 | D:4      | Reached skill level 4 in Spellcasting
  5475 | D:4      | Reached XP level 7. HP: 36/36 MP: 7/14
  5475 | D:4      | Gained a life (1 life remaining)
  5919 | D:5      | Found Jocay's Book Shop.
  5919 | D:5      | Found Saug's Magic Scroll Boutique.
  5933 | D:5      | Bought a scroll of teleportation for 42 gold pieces
  6116 | D:5      | Reached skill level 4 in Fighting
  6214 | D:5      | Reached skill level 5 in Dodging
  6215 | D:5      | HP: 6/38 [wight/+5 great sword of freezing (21)]
  6215 | D:5      | HP: 2/38 [wight/+5 great sword of freezing (4)]
  6218 | D:5      | Demolished by a wight
  6218 | D:5      | Lost a life (0 lives remaining)
  6393 | D:5      | Reached XP level 8. HP: 42/42 MP: 5/16
  6690 | D:5      | Learned a level 4 spell: Iskenderun's Mystic Blast
  6697 | D:5      | Learned a level 6 spell: Starburst
  6828 | D:5      | HP: 13/42 [wight/+5 great sword of freezing (12)]
  6828 | D:5      | HP: 5/40 [wight/+5 great sword of freezing (5)]
  7036 | D:5      | Found Zuikh's Antique Armour Shop.
  7105 | D:5      | Found Iduored's Weapon Shoppe.
  7261 | D:5      | Noticed Edmund
  7273 | D:5      | HP: 16/42 [Edmund/+2 dire flail of protection (10)]
  7275 | D:5      | Slain by Edmund

Illustrated notes

Levels and vault maps discovered:
D:1:      dpeg_arrival_circle_labyrinth_c, layout_loops_ring,
          chequers_mini_garden
D:2:      layout_loops_ring
D:3:      layout_basic, nicolae_overflow_hidden_temple,
          cheibrodos_sewer_entry_bend
D:4:      layout_layer_cave
D:5:      minmay_razor_zed, layout_basic, serial_shops,
          nicolae_shop_tiny_statue_garden, shop,
          nicolae_shop_just_a_little_nook, nicolae_shop_tiny_statue_garden,
          nicolae_stop_n_shop_2, uniq_edmund

Skill      XL: |  1  2  3  4  5  6  7 |
---------------+----------------------+-----
Fighting       | 1 2 3 4 |  4.8
Stealth        | 3 |  3.1
Dodging        | 3 4 5 |  5.4
Conjurations   | 4 5 |  5.9
Spellcasting   | 3 4 |  4.9
Fire Magic     | |  0.6

Action                     |  1- 3 |  4- 6 |  7- 9 || total
---------------------------+-------+-------+-------++-------
  Melee: Unarmed           |    10 |     3 |     2 ||    15
         Bite              |     1 |       |       ||     1
   Cast: Magic Dart        |    72 |    99 |    47 ||   218
         Searing Ray       |     2 |    12 |    15 ||    29
    Use: Scroll            |     4 |     4 |     4 ||    12
         Potion            |     1 |     1 |       ||     2
   Stab: Sleeping          |     1 |       |       ||     1
 Armour: Skin              |    14 |    31 |    22 ||    67
  Dodge: Dodged            |    17 |    67 |    40 ||   124

Table legend: (Time is in decaauts)
 A = Elapsed time spent in this place.
 B = Non-inter-level travel time spent in this place.
 C = Inter-level travel time spent in this place.
 D = Time resting spent in this place.
 E = Time spent auto-exploring this place.
 F = Levels seen in this place.
 G = Mean time per level.
                   A        B        C        D        E       F      G
               +--------+--------+--------+--------+--------+-----+--------+
         Total |   7286 |   7186 |    100 |   1990 |   4460 |   5 | 1457.2 |
       Dungeon |   7286 |   7186 |    100 |   1990 |   4460 |   5 | 1457.2 |
               +--------+--------+--------+--------+--------+-----+--------+

Top non-repeatable levels by time:
     D:4: 1661 daAuts
     D:2: 1516 daAuts
     D:5: 1412 daAuts
     D:1: 1371 daAuts
     D:3: 1325 daAuts

Levels and vault maps discovered:
D:1:      dpeg_arrival_circle_labyrinth_c, layout_loops_ring,
          chequers_mini_garden
D:2:      layout_loops_ring
D:3:      layout_basic, nicolae_overflow_hidden_temple,
          cheibrodos_sewer_entry_bend
D:4:      layout_layer_cave
D:5:      minmay_razor_zed, layout_basic, serial_shops,
          nicolae_shop_tiny_statue_garden, shop,
          nicolae_shop_just_a_little_nook, nicolae_shop_tiny_statue_garden,
          nicolae_stop_n_shop_2, uniq_edmund

Table legend: (Time is in decaauts)
 A = Elapsed time spent in this place.
 B = Non-inter-level travel time spent in this place.
 C = Inter-level travel time spent in this place.
 D = Time resting spent in this place.
 E = Time spent auto-exploring this place.
 F = Levels seen in this place.
 G = Mean time per level.
                   A        B        C        D        E       F      G
               +--------+--------+--------+--------+--------+-----+--------+
         Total |   7286 |   7186 |    100 |   1990 |   4460 |   5 | 1457.2 |
       Dungeon |   7286 |   7186 |    100 |   1990 |   4460 |   5 | 1457.2 |
               +--------+--------+--------+--------+--------+-----+--------+

Top non-repeatable levels by time:
     D:4: 1661 daAuts
     D:2: 1516 daAuts
     D:5: 1412 daAuts
     D:1: 1371 daAuts
     D:3: 1325 daAuts

Table legend:
 A = Kills in this place as a percentage of kills in the entire game.
 B = Kills by you in this place as a percentage of kills by you in the entire game.
 C = Kills by friends in this place as a percentage of kills by friends in the entire game.
 D = Other kills in this place as a percentage of other kills in the entire game.
 E = Experience gained in this place as a percentage of experience gained in the entire game.
 F = Experience gained in this place divided by the number of levels of this place that you have seen.
                   A       B       C       D       E      F
               +-------+-------+-------+-------+-------+----------------------
         Total | 100.0 | 100.0 |   N/A |   N/A | 100.0 | 325.6
       Dungeon | 100.0 | 100.0 |   N/A |   N/A | 100.0 | 325.6
               +-------+-------+-------+-------+-------+----------------------
